 Dungeon Crawl Stone Soup version 0.23-a0-481-g60b89c1 (webtiles) character file.

3773 RoseArtemis the Grappler (level 9, -8/91 HPs)
             Began as a Troll Monk on Nov 29, 2018.
             Shot with an arrow by a centaur (15 damage)
             ... on level 8 of the Dungeon.
             The game lasted 00:12:56 (6100 turns).

RoseArtemis the Grappler (Troll Monk)               Turns: 6100, Time: 00:12:57

Health: -8/91      AC:  7    Str: 21    XL:     9   Next: 94%
Magic:  8/8        EV: 13    Int:  6    God:
Gold:   329        SH:  0    Dex: 15    Spells: 8/8 levels left

rFire    . . .     SeeInvis .     - Unarmed
rCold    . . .     Gourm    +   (no shield)
rNeg     . . .     Faith    .   a - +0 robe
rPois    .         Spirit   .   (helmet restricted)
rElec    .         Reflect  .   n - +1 cloak
rCorr    .         Harm     .   (gloves unavailable)
MR       .....                  (boots unavailable)
Stlth    ++........             (no amulet)
HPRegen  0.65/turn              (no ring)
MPRegen  0.11/turn              (no ring)

@: no status effects
A: large, unfitting armour, claws 3, fast metabolism 3, gourmand, regeneration
1, shaggy fur 1, tough skin 2
a: no special abilities


You were on level 8 of the Dungeon.
You were very full.

You visited 2 branches of the dungeon, and saw 9 of its levels.

You collected 389 gold pieces.
You spent 60 gold pieces at shops.

Inventory:

Missiles
 y - 4 large rocks (quivered)
Armour
 a - a +0 robe (worn)
 n - a +1 cloak (worn)
 q - the +1 robe "Fekh" {rElec rC- Str+4 Dex+3, unknown}
   (You found it on level 5 of the Dungeon)

   It affects your strength (+4).
   It affects your dexterity (+3).
   It makes you vulnerable to cold.
   It insulates you from electricity.
Jewellery
 r - a cursed ring of attention {unknown}
 s - a +4 ring of strength {unknown}
Wands
 c - a wand of acid (9)
 f - a wand of iceblast (11)
 k - a wand of flame (41)
Potions
 d - a potion of agility {unknown}
 e - 3 potions of curing
 g - a potion of haste {unknown}
 i - a potion of magic {unknown}
 j - 2 potions of invisibility {unknown}
 l - 4 potions of degeneration {unknown}
 m - a potion of brilliance
 o - a potion of berserk rage {unknown}
 p - 2 potions of flight {unknown}
 u - a potion of resistance {unknown}
 z - a potion of cancellation {unknown}
Comestibles
 b - 9 rations


   Skills:
 + Level 6.3 Fighting
 + Level 2.6 Throwing
 + Level 6.3 Dodging
 - Level 1.0 Stealth
 * Level 10.3 Unarmed Combat


You had 8 spell levels left.
You didn't know any spells.
Your spell library contained the following spells:

 Spells                   Type           Power        Failure   Level  Hunger
 Beastly Appendage        Tmut           #.....       45%         1    ##.....
 Magic Dart               Conj           #...         45%         1    ##.....
 Summon Small Mammal      Summ           #...         45%         1    ##.....
 Blink                    Tloc           N/A          58%         2    ###....
 Call Imp                 Summ           #.......     58%         2    ###....
 Slow                     Hex            #.......     58%         2    ###....
 Sticks to Snakes         Tmut           #.......     58%         2    ###....
 Call Canine Familiar     Summ           #.......     83%         3    ####...
 Conjure Flame            Conj/Fire      #.......     83%         3    ####...
 Mephitic Cloud           Conj/Pois/Air  #.......     83%         3    ####...
 Spider Form              Tmut/Pois      #.........   83%         3    ####...
 Summon Guardian Golem    Hex/Summ       #.......     83%         3    ####...
 Ice Form                 Ice/Tmut       #.......     99%         4    #####..
 Summon Ice Beast         Ice/Summ       #.......     99%         4    #####..
 Summon Lightning Spire   Summ/Air       #.......     99%         4    #####..
 Blade Hands              Tmut           #.........   100%        5    ######.


Dungeon Overview and Level Annotations

Branches:
Dungeon (8/15)             Temple (1/1) D:6
   Lair: D:8-11

Altars:
Ashenzari
Cheibriados
Dithmenos
Elyvilon
Fedhas
Gozag
Hepliaklqana
Kikubaaqudgha
Makhleb
Nemelex Xobeh
Qazlal
Ru
Sif Muna
Trog
Uskayaw
Wu Jian
Xom
Yredelemnul
Zin
The Shining One

Shops:
D:6 *

Annotations:
D:4 1 runed door, SaintRoka's ghost, amateur HOMo
D:5 3 runed doors, Loge's ghost, novice DsAK


Innate Abilities, Weirdness & Mutations

You are too large for most types of armour.
You have claws for hands.
Your metabolism is lightning-fast.
You like to eat raw meat.
Your natural rate of healing is unusually fast.
You are covered in fur. (AC +1)
You have very tough skin. (AC +2)


Message History

You feel better.
The centaur shoots an arrow.
The arrow closely misses you. The troll misses you.
The troll claws you but does no damage. The troll closely misses you.
The centaur shoots an arrow.
The arrow closely misses you.
Your surroundings suddenly seem different.
The centaur shoots an arrow.
The arrow hits you but does no damage.
You see here an arrow.
The centaur shoots an arrow.
The arrow closely misses you.
The centaur shoots an arrow.
The arrow hits you!
* * * LOW HITPOINT WARNING * * *
You see here an arrow.
The centaur shoots an arrow.
The arrow closely misses you.
Things that are here:
2 arrows; a knobbly wooden ring
Okay, then.
Okay, then.
As you read the scroll of fog, it crumbles to dust.
The scroll dissolves into smoke.
The centaur shoots an arrow.
The arrow hits you!
You die...

....# #.........#
....#####..c......#
...gg..((.........#
....#(.......>T...###
#####....#.5g.......##
#..###g..g......|..
#..## #..(.(....# #...
#.....§§§§# #.#.
#.....§§@§# ....
#......§§§# .. ##
##.....§.## ##.....##
#######


You could see a troll, a centaur, 2 gnolls and a crimson imp.

Vanquished Creatures
  A two-headed ogre (D:7)
  An orc warrior (D:7)
  3 ice beasts
  A sky beast (D:6)
  3 black bears
  3 phantoms
  4 ogres
  2 centaurs (D:8)
  A bullfrog (D:7)
  3 scorpions
  3 wights (D:6)
  4 howler monkeys
  3 crimson imps
  2 gnoll shamans
  4 orc priests
  A hound (D:7)
  2 jellies (D:7)
  3 orc wizards (D:4)
  A centaur skeleton (D:4)
  4 iguanas
  Natasha (twice) (D:3)
  9 worker ants
  3 hound skeletons
  6 gnolls
  14 adders
  An ooze (D:3)
  2 adder skeletons
  A worm (D:3)
  6 dart slugs
  3 leopard geckos
  18 orcs
  3 bats
  11 giant cockroaches
  7 goblins
  6 hobgoblins
  10 jackals
  3 quokkas
  2 ball pythons
  4 frilled lizards
  12 kobolds
  A quokka skeleton (D:4)
  6 rats
179 creatures vanquished.

Notes
Turn   | Place    | Note
-------+----------+-------------------------------------------
     0 | D:1      | RoseArtemis the Troll Monk began the quest for the Orb.
     0 | D:1      | Reached XP level 1. HP: 22/22 MP: 0/0
   156 | D:1      | Reached XP level 2. HP: 29/29 MP: 1/1
   631 | D:2      | Reached XP level 3. HP: 33/36 MP: 2/2
   752 | D:2      | Reached skill level 4 in Unarmed Combat
   864 | D:2      | Reached XP level 4. HP: 40/44 MP: 3/3
  1257 | D:3      | Noticed Natasha
  1283 | D:3      | Killed Natasha
  1396 | D:3      | Reached XP level 5. HP: 49/53 MP: 4/4
  1577 | D:3      | Noticed Natasha
  1583 | D:3      | Killed Natasha
  1860 | D:3      | Found a stormy altar of Qazlal.
  1864 | D:3      | Found a blossoming altar of Fedhas.
  1869 | D:3      | Found a glowing silver altar of Zin.
  1869 | D:3      | Found a sparkling altar of Nemelex Xobeh.
  1869 | D:3      | Found a hide-covered altar of Uskayaw.
  1873 | D:3      | Found an ornate altar of the Wu Jian Council.
  1874 | D:3      | Found a burning altar of Makhleb.
  2054 | D:4      | Reached skill level 5 in Unarmed Combat
  2088 | D:4      | Reached XP level 6. HP: 61/61 MP: 5/5
  2304 | D:4      | Reached skill level 6 in Unarmed Combat
  2496 | D:4      | Found a runed door.
  2502 | D:4      | Noticed SaintRoka's ghost (amateur HOMo)
  2677 | D:4      | Reached XP level 7. HP: 48/70 MP: 6/6
  3198 | D:5      | Entered Level 5 of the Dungeon
  3410 | D:5      | Reached skill level 7 in Unarmed Combat
  3515 | D:5      | Found a sparkling altar of Nemelex Xobeh.
  3624 | D:5      | Got a heavily jewelled robe
  3810 | D:5      | Reached XP level 8. HP: 78/79 MP: 7/7
  3869 | D:5      | Found a runed gate.
  3869 | D:5      | Found a runed gate.
  3869 | D:5      | Found a runed gate.
  3870 | D:5      | Noticed Loge's ghost (novice DsAK)
  4115 | D:6      | Reached skill level 8 in Unarmed Combat
  4145 | D:6      | Found a staircase to the Ecumenical Temple.
  4149 | D:6      | Reached skill level 5 in Fighting
  4156 | D:6      | Reached skill level 5 in Dodging
  4248 | Temple   | Entered the Ecumenical Temple
  4838 | D:6      | Found Jeobyijalu's General Store.
  4846 | D:6      | Bought a potion of heal wounds for 60 gold pieces
  4880 | D:6      | Reached XP level 9. HP: 40/88 MP: 8/8
  5297 | D:7      | Reached skill level 9 in Unarmed Combat
  5913 | D:8      | Reached skill level 1 in Throwing
  5925 | D:8      | Noticed a two-headed ogre
  5940 | D:8      | HP: 3/89 [two-headed ogre/+0 giant club (22)]
  5944 | D:7      | Killed a two-headed ogre
  5944 | D:7      | Reached skill level 10 in Unarmed Combat
  6081 | D:8      | Noticed a troll
  6092 | D:8      | HP: 1/91 [troll (13)]
  6100 | D:8      | Shot with an arrow by a centaur

Vault maps used:
D:1:      dpeg_arrival_connections
D:3:      minitemple, first_ration, minmay_misc_feat_secret_circle, uniq_natasha
D:4:      serial_forest, infiniplex_forest_lined_ring,
          infiniplex_forest_clump_diagonal, infiniplex_forest_clump_double,
          infiniplex_forest_end_1, infiniplex_forest_straight_4,
          infiniplex_forest_corner_2, infiniplex_forest_split,
          infiniplex_forest_end_double, ebering_ghost_sewer_d
D:5:      ebering_ghost_rock_garden, nemelex_xobeh_ov_fountains_minmay
D:6:      minmay_temple_entry_large_hall, serial_shops, nicolae_shop_waterfront
D:7:      grunt_ministairs_9
D:8:      gammafunk_ghost_nasty_kobolds, xom_shifter_show
Temple:   nicolae_temple_figure_eight

Skill      XL: |  1  2  3  4  5  6  7  8  9 |
---------------+----------------------------+-----
Unarmed Combat | 4 5 6 7 8 10 | 10.3
Fighting       | 3 4 5 6 |  6.3
Dodging        | 3 4 5 6 |  6.3
Throwing       | 2 |  2.6
Stealth        | |  1.0

Action                   |  1- 3 |  4- 6 |  7- 9 || total
-------------------------+-------+-------+-------++-------
Melee: Unarmed           |    85 |   168 |   309 ||   562
       Punch             |       |     6 |    13 ||    19
Throw: Large rock        |       |       |     4 ||     4
  Use: Scroll            |       |     3 |     9 ||    12
       Potion            |       |     1 |     5 ||     6
 Stab: Sleeping          |     2 |     7 |       ||     9
  Eat: Chunk             |    13 |    17 |    31 ||    61
Armor: Robe              |    19 |    41 |    93 ||   153
Dodge: Dodged            |    37 |    83 |   218 ||   338

Table legend:
 A = Non-vault XP
 B = Vault XP
 C = Vault XP percentage of total XP
 D = Non-vault monster count
 E = Vault monster count
 F = Vault count percentage of total count
                 A         B        C        D         E       F
            +---------+---------+-------+---------+---------+-------
      Total |    5344 |      46 |   0.9 |     177 |       2 |   1.1
            +---------+---------+-------+---------+---------+-------
        D:1 |      32 |       0 |   0.0 |      15 |       0 |   0.0
        D:2 |      79 |       0 |   0.0 |      23 |       0 |   0.0
        D:3 |     146 |      33 |  18.4 |      25 |       1 |   3.8
        D:4 |     710 |       0 |   0.0 |      29 |       0 |   0.0
        D:5 |     522 |       0 |   0.0 |      16 |       0 |   0.0
        D:6 |    1280 |       0 |   0.0 |      27 |       0 |   0.0
        D:7 |    1832 |      13 |   0.7 |      26 |       1 |   3.7
        D:8 |     743 |       0 |   0.0 |      16 |       0 |   0.0
            +---------+---------+-------+---------+---------+-------
